 Dungeon Crawl Stone Soup version 0.30-a0-462-gd5975efbca (webtiles) character file.

Game seed: 2249447472870958934

57 Jackthecabe the Conjurer (level 3, -2/26 HPs)
             Began as a Demigod Conjurer on Dec 17, 2022.
             Killed from afar by Ijyb (5 damage)
             ... with an iceblast
             ... on level 3 of the Dungeon.
             The game lasted 00:02:17 (2193 turns).

Jackthecabe the Conjurer (Demigod Conjurer)         Turns: 2193, Time: 00:02:17

Health: -2/26      AC:  2    Str:  8    XL:     3   Next: 50%
Magic:  1/9        EV: 12    Int: 24    God:
Gold:   111        SH:  0    Dex: 12    Spells: 3/6 levels left

rFire   . . .      SeeInvis +    (no weapon)
rCold   . . .      Faith    .    (no shield)
rNeg    . . .      Spirit   .    a - +0 robe
rPois   .          Reflect  .    (no helmet)
rElec   .          Harm     .    (no cloak)
rCorr   .          Rampage  .    (no gloves)
Will    .....                    (no boots)
Stlth   ++........               (no amulet)
HPRegen 0.24/turn                v - ring of see invisible
MPRegen 0.11/turn                (no ring)

@: no status effects
A: high MP 1, forlorn, divine attributes
a: no special abilities


You were on level 3 of the Dungeon.
You visited 1 branch of the dungeon, and saw 3 of its levels.

You collected 111 gold pieces.


Innate Abilities, Weirdness & Mutations

You have an increased reservoir of magic. (+10% MP)
You shall have no god before yourself.
Your divine heritage dramatically boosts your attributes as you level up.


   Skills:
 - Level 1.7 Dodging
 - Level 1.7 Stealth
 + Level 2.4 Spellcasting
 + Level 4.1 Conjurations
 + Level 1.5 Hexes


You had 3 spell levels left.
You knew the following spells:

 Your Spells              Type           Power      Damage    Failure   Level
m - Magic Dart            Conj           88%        1d7       2%          1
s - Searing Ray           Conj           44%        2d6       3%          2

Your spell library contained the following spells:

 Spells                   Type           Power      Damage    Failure   Level
 Static Discharge         Conj/Air       24%        2-3/arc   8%          2
 Dazzling Flash           Conj/Hex       32%        N/A       11%         3
 Vhi's Electric Charge    Tloc/Air       4%         N/A       34%         3
 Fulminant Prism          Conj/Hex       8%         3d7       34%         4
 Iskenderun's Mystic Bla  Conj/Tloc      12%        2d5       43%         4
 Arcjolt                  Conj/Air       6%         1d16      80%         5
 Lightning Bolt           Conj/Air       6%         1d18      80%         5

Inventory:

Armour
 a - a +0 robe (worn)
 g - a scarf of harm
Jewellery
 v - a ring of see invisible (left hand)
Wands
 r - a wand of charming (8)
Scrolls
 i - 3 scrolls of identify {unknown}
 j - 4 scrolls of blinking {unknown}
 l - a scroll of poison {unknown}
 m - a scroll of enchant weapon {unknown}
 n - a scroll of brand weapon {unknown}
 o - 3 scrolls of noise {unknown}
 q - a scroll of torment {unknown}
Potions
 b - a potion of magic
 c - 2 potions of mutation {unknown}
 d - 2 potions of curing {@q1}
 e - a potion of berserk rage {unknown}
 f - a potion of heal wounds {unknown}
 h - a potion of lignification {unknown}
 k - a potion of cancellation {unknown}
 p - a potion of flight {unknown}

Dungeon Overview and Level Annotations

Branches:
Dungeon (3/15)

Annotations:
D:3 Ijyb

#....# #....# #....# #
#....# ####.#
########....##.....#
....>.......g......#.
#####........†........
#............##.......
#.##..##....@# .......
#.....##.....# .......
#.....##.##### .......
+.....##.# ....g..
#####.....##.# .......
#.............#
.......
#.##.......#..#
#.#.....#....
#.#.##..# ##


You could see Ijyb.


Message History

The searing ray hits the adder.
The adder is moderately wounded.
The adder hisses angrily. (Press . to maintain the ray.)
The searing ray hits the adder.
The adder is severely wounded.
Unknown command.
The searing ray hits the adder!
You kill the adder!
Unknown command.
Casting: Searing Ray (safe; 3% risk of failure)
Confirm with . or Enter, or press ? or * to list all spells.
Restarting spell: Searing Ray (safe; 3% risk of failure)
Press: ? - help, Shift-Dir - straight line, f - Ijyb
Aim: Ijyb, wielding a +0 dagger, wearing a +0 leather armour and carrying a wand of iceblast (5) (lightly wounded, 72% to hit)
The searing ray hits Ijyb.
Ijyb is lightly wounded. (Press . to maintain the ray.) Ijyb zaps a wand.
The mass of ice explodes!
The iceblast engulfs you!
The searing ray hits Ijyb but does no damage.
Ijyb is lightly wounded.
Ijyb screams, "Me kill you!"
Ijyb zaps a wand.
The mass of ice explodes!
The iceblast engulfs you!
Ouch! That really hurt!
* * * LOW HITPOINT WARNING * * *
The searing ray hits Ijyb.
Ijyb is moderately wounded.
Ijyb screams, "I no like you!"
Ijyb zaps a wand.
The mass of ice explodes!
The iceblast engulfs you.
You die...

Skill      XL: |  1  2 |
---------------+-------+-----
Spellcasting   | 2 |  2.4
Hexes          | 1 |  1.5
Conjurations   | 4 |  4.1
Dodging        | |  1.7
Stealth        | |  1.7

Action                   || total
-------------------------++-------
 Cast: Magic Dart        ||    50
       Searing Ray       ||     4
Armor: Robe              ||     1
Dodge: Dodged            ||     9

Levels and vault maps discovered:
D:1:      dpeg_arrival_arbitrary_a, layout_loops_ring, amcnicky_mini_pool_small,
          minmay_misc_feat_enclosed
D:2:      layout_basic, basic_altar, st_stairs_8
D:3:      layout_basic, minmay_diced_spiral, uniq_natasha, uniq_ijyb

Notes
Turn   | Place    | Note
-------+----------+-------------------------------------------
     0 | D:1      | Jackthecabe the Demigod Conjurer began the quest for the
                  | Orb.
     0 | D:1      | Reached XP level 1. HP: 14/14 MP: 5/5
   588 | D:1      | Reached skill level 2 in Spellcasting
  1009 | D:2      | Reached XP level 2. HP: 20/20 MP: 4/7
  1012 | D:2      | Learned a level 2 spell: Searing Ray
  1384 | D:2      | Reached skill level 1 in Hexes
  2085 | D:3      | Noticed Natasha
  2096 | D:3      | Killed Natasha
  2097 | D:3      | Reached skill level 4 in Conjurations
  2097 | D:3      | Reached XP level 3. HP: 21/26 MP: 0/9
  2180 | D:3      | Noticed Ijyb
  2193 | D:3      | Killed from afar by Ijyb

Vanquished Creatures
  Natasha (D:3)
  An adder (D:3)
  2 dart slugs
  A ball python (D:2)
  An endoplasm (D:2)
  3 giant cockroaches
  2 hobgoblins (D:2)
  A quokka (D:3)
  3 bats (D:1)
  A frilled lizard (D:2)
  2 kobolds
  2 rats (D:1)
20 creatures vanquished.

Table legend: (Time is in decaauts)
 A = Elapsed time spent in this place.
 B = Non-inter-level travel time spent in this place.
 C = Inter-level travel time spent in this place.
 D = Time resting spent in this place.
 E = Time spent auto-exploring this place.
 F = Levels seen in this place.
 G = Mean time per level.
                   A        B        C        D        E       F      G
               +--------+--------+--------+--------+--------+-----+--------+
         Total |   2192 |   2147 |     45 |     34 |   1918 |   3 |  730.7 |
       Dungeon |   2192 |   2147 |     45 |     34 |   1918 |   3 |  730.7 |
               +--------+--------+--------+--------+--------+-----+--------+

Top non-repeatable levels by time:
     D:2: 1082 daAuts
     D:1: 864 daAuts
     D:3: 245 daAuts

Table legend:
 A = Non-vault XP
 B = Vault XP
 C = Vault XP percentage of total XP
 D = Non-vault monster count
 E = Vault monster count
 F = Vault count percentage of total count
                 A         B        C        D         E       F
            +---------+---------+-------+---------+---------+-------
      Total |      43 |      39 |  47.6 |      17 |       3 |  15.0
            +---------+---------+-------+---------+---------+-------
        D:1 |      11 |       0 |   0.0 |       7 |       0 |   0.0
        D:2 |      11 |       4 |  26.7 |       6 |       2 |  25.0
        D:3 |      21 |      35 |  62.5 |       4 |       1 |  20.0
            +---------+---------+-------+---------+---------+-------
